 Dungeon Crawl Stone Soup version 0.27.1-3-gb3d3a73c9e (webtiles) character file.

Game seed: 17564477757574107917

18373 earthworldpsion the Fighter (level 12, -12/113 HPs)
             Began as a Minotaur Berserker on Oct 20, 2021.
             Was a High Priest of Trog.
             Mangled by an orc warrior (13 damage)
             ... led by an orc warlord
             ... on level 2 of the Orcish Mines.
             The game lasted 01:20:11 (17583 turns).

earthworldpsion the Fighter (Minotaur Berserker)   Turns: 17583, Time: 01:20:11

Health: -12/113    AC: 28    Str: 34    XL:     12   Next: 27%
Magic:  0/11       EV: 11    Int:  4    God:    Trog [*****.]
Gold:   767        SH:  4    Dex:  9    Spells: 11/11 levels left

rFire    . . .     SeeInvis .   b - +4 morningstar
rCold    . . .     Faith    .   D - +2 buckler
rNeg     . . .     Spirit   +   H - +3 plate armour {Will+}
rPois    .         Reflect  .   (helmet restricted)
rElec    .         Harm     .   x - +1 cloak
rCorr    .         Rampage  .   u - +0 pair of gloves
Will     +....                  R - +0 pair of boots
Stlth    ..........             T - amulet of guardian spirit
HPRegen  0.28/turn              f - +6 ring of strength
MPRegen  0.12/turn              y - +4 ring of protection

@: lethally poisoned (-12 -> -59), on berserk cooldown, slowed, very slow
A: horns 2, retaliatory headbutt
a: Renounce Religion, Berserk, Trog's Hand, Brothers in Arms


You were on level 2 of the Orcish Mines.
You worshipped Trog.
Trog was extremely pleased with you.
You visited 2 branches of the dungeon, and saw 14 of its levels.
You also visited: Bailey.

You collected 1787 gold pieces.
You spent 1020 gold pieces at shops.

Inventory:

Hand Weapons
 b - a +4 morningstar (weapon)
 C - a +5 trident
 F - a +2 spear of electrocution
 O - a +3 antimagic great mace
 V - a +2 battleaxe of flaming
Missiles
 E - 2 throwing nets
Armour
 e - a +1 ring mail of fire resistance
 u - a +0 pair of gloves (worn)
 x - a +1 cloak (worn)
 D - a +2 buckler (worn)
 H - a +3 plate armour of willpower (worn)
 R - a +0 pair of boots (worn)
Jewellery
 f - a +6 ring of strength (left hand)
 h - a +6 ring of strength
 o - a ring of resist corrosion
 p - a ring of protection from cold
 s - a ring of willpower
 y - a +4 ring of protection (right hand)
 L - the ring "Jepuff" {rC+ Str+2}
   (You found it on level 11 of the Dungeon)

   [ring of protection from cold]

   Str:       It affects your strength (+2).
   rC:        It protects you from cold.
 T - an amulet of guardian spirit (around neck)
 U - a +6 ring of strength
Wands
 I - a wand of digging (4)
 S - a wand of polymorph (3)
Scrolls
 i - a scroll of enchant weapon {unknown}
 k - 3 scrolls of teleportation
 m - 3 scrolls of fog
 n - 2 scrolls of enchant armour {unknown}
 q - a scroll of vulnerability
 r - 4 scrolls of immolation
 w - a scroll of brand weapon
 z - a scroll of noise {unknown}
 G - 3 scrolls of holy word
 J - a scroll of acquirement {unknown}
 M - a scroll of silence {unknown}
Potions
 a - a potion of invisibility {unknown}
 c - 3 potions of heal wounds {unknown}
 d - 4 potions of curing {unknown}
 g - 2 potions of brilliance
 v - 4 potions of magic {unknown}
 A - 3 potions of mutation {unknown}
 K - a potion of resistance {unknown}
 N - a potion of lignification {unknown}
 P - 2 potions of cancellation {unknown}
 Q - a potion of haste


   Skills:
 + Level 12.5 Fighting
 - Level 10.4(11.3) Axes
 + Level 7.3(9.9) Maces & Flails
 + Level 12.2 Armour
 + Level 11.2 Dodging


You had 11 spell levels left.
You didn't know any spells.
Your spell library was empty.

Dungeon Overview and Level Annotations

Branches:
Dungeon (12/15)            Temple (0/1) D:4            Lair (0/6) D:8
    Orc (2/2) D:12            Elf (0/3) Orc:2        Bailey (visited)

Altars:
Ashenzari
Dithmenos
Elyvilon
Fedhas
Gozag
Hepliaklqana
Kikubaaqudgha
Makhleb
Okawaru
Qazlal
Sif Muna
Vehumet
Wu Jian
The Shining One
Beogh

Shops:
D:4 *   D:6 [   Orc:2 *[(*

Annotations:
D:8 entrance to lair
D:11 1 runed translucent door, many creatures
Orc:2 entrance to elven halls


Innate Abilities, Weirdness & Mutations

You have a pair of horns on your head.
You reflexively headbutt those who attack you in melee.


Message History

You are no longer berserk.
You are exhausted.
You feel yourself slow down.
You feel very sick. You block the orc's attack.
The orc warrior hits you with a +0 war axe.
Your plate armour prevents you from hitting the orc warlord.
The orc warlord is lightly wounded.
Your skin stops crawling.
You feel less strong-willed.
You feel very sick. The orc warlord misses you.
The orc warrior closely misses you. The orc hits you but does no damage.
The orc warrior hits you with a +0 war axe!
The orc warlord barely misses you. The orc warrior misses you.
You hit the orc warlord but do no damage.
The orc warlord is lightly wounded.
You feel very sick. The orc misses you. You furiously retaliate!
You headbutt the orc!
You kill the orc!
Trog accepts your kill. The orc warrior closely misses you.
The orc warlord hits you with a +2 long sword of venom.
You are more poisoned.
You block the orc warrior's attack. x2; The orc hits you but does no damage.
You sock the orc warlord!
You headbutt the orc warlord, but do no damage.
The orc warlord is moderately wounded.
You feel very sick. The orc warlord closely misses you.
You furiously retaliate!
You headbutt the orc warlord, but do no damage.
The orc warrior hits you with a +0 dire flail!!
* * * LOW HITPOINT WARNING * * *
The orc warrior hits you with a +0 war axe!
* * * LOW HITPOINT WARNING * * *
The orc hits you but does no damage.
The orc warlord hits you with a +2 long sword of venom!!
* * * LOW HITPOINT WARNING * * *
You are more poisoned.
The orc warrior hits you with a +0 dire flail!
You die...

###......................
##...##########...........
##..###. #...###..........
#..## #.. #...# #..........
#..#∩ #.. #...####.........
#.##.8##'###'##8.#.........
#
#.#..............'.8.......
#
#.#_.....o8o.....'.........
#
#.#.....oo@o))[.)[[8.......
#
#.##.8##'###'##8[#........#
# #..# #. #...####........#
#### #..## # #...#
#.........' ...# ##..###
#...###..[......# ##.#
##..[##########[.........#
.#.#
###...........[.......#..
.#.#
##########[.....##.....
.#.# ##.....###.#..


You could see an orc warlord, 2 orc warriors and 2 orcs.

Vanquished Creatures
  A two-headed ogre (D:10)
  4 orc knights
  A deep elf pyromancer (D:11)
  5 orc sorcerers
  An ugly thing (D:12)
  A water nymph (Bailey)
  A centaur zombie (D:10)
  2 gargoyles (D:12)
  2 unseen horrors
  A kobold demonologist (D:12)
  A steam dragon (D:6)
  5 trolls
  A yak (D:9)
  A hornet (D:6)
  2 vampires
  A wraith (D:12)
  A warg (Orc:2)
  4 water moccasins
  30 orc warriors
  A black bear (D:6)
  14 ogres
  6 centaurs
  4 kobold brigands
  2 bullfrogs
  2 gnoll sergeants
  2 scorpions
  2 wyvern zombies
  A water moccasin skeleton (D:6)
  9 killer bees (D:10)
  5 wights (D:10)
  3 howler monkeys
  2 bullfrog zombies (D:5)
  6 hounds
  2 jellies
  16 orc priests
  4 gnoll shamans
  3 bullfrog skeletons
  20 orc wizards
  A killer bee zombie (D:5)
  A howler monkey zombie (D:11)
  8 adders
  26 gnolls
  A howler monkey skeleton (D:6)
  5 shadow imps
  A white imp (D:5)
  2 worms
  3 dart slugs
  71 orcs
  5 ball pythons
  4 bats
  6 endoplasms
  3 giant cockroaches
  10 goblins
  13 hobgoblins
  3 jackals (D:1)
  A quokka (Bailey)
  4 frilled lizards
  42 kobolds
  2 rats (D:2)
381 creatures vanquished.

Vanquished Creatures (collateral kills)
  2 orc knights
  A troll (Orc:2)
  2 yaks (D:9)
  A warg (Orc:1)
  4 orcs (Orc:1)
  3 kobolds (D:8)
13 creatures vanquished.

Vanquished Creatures (others)
  A troll (Orc:2)
  A black bear (D:6)
  A kobold brigand (D:8)
  An orc wizard (D:7)
  An orc (Orc:2)
  3 plants
8 creatures vanquished.

Grand Total: 402 creatures vanquished

Notes
Turn   | Place    | Note
-------+----------+-------------------------------------------
     0 | D:1      | earthworldpsion the Minotaur Berserker began the quest for
                  | the Orb.
     0 | D:1      | Reached XP level 1. HP: 19/19 MP: 0/0
   405 | D:1      | Reached XP level 2. HP: 27/27 MP: 1/1
  1612 | D:2      | Reached XP level 3. HP: 32/33 MP: 2/2
  1845 | D:2      | Reached ** piety under Trog
  2001 | D:2      | Reached XP level 4. HP: 41/41 MP: 3/3
  2479 | D:3      | Noticed an ogre
  2484 | D:3      | Killed an ogre
  2485 | D:3      | Reached XP level 5. HP: 47/47 MP: 4/4
  2676 | D:3      | Reached skill level 5 in Fighting
  2679 | D:3      | Reached skill level 5 in Axes
  2982 | D:3      | Found a stormy altar of Qazlal.
  3093 | D:3      | Found a faded altar of an unknown god.
  3517 | D:4      | Reached XP level 6. HP: 48/56 MP: 5/5
  3557 | D:4      | Found a staircase to the Ecumenical Temple.
  3680 | D:4      | Found a white marble altar of Elyvilon.
  3844 | D:4      | Found a radiant altar of Vehumet.
  3951 | D:4      | Found Qysaokh's Neck Hole.
  3961 | D:4      | Bought a +1 cloak for 149 gold pieces
  4156 | D:4      | Found a shimmering blue altar of Sif Muna.
  4156 | D:4      | Found an ornate altar of the Wu Jian Council.
  4288 | D:5      | Entered Level 5 of the Dungeon
  4473 | D:5      | Found a shadowy altar of Dithmenos.
  4486 | D:5      | Reached XP level 7. HP: 61/62 MP: 6/6
  4524 | D:5      | Found an opulent altar of Gozag.
  4622 | D:5      | Found a blossoming altar of Fedhas.
  4632 | D:5      | Found a transporter.
  4652 | D:5      | Reached skill level 5 in Armour
  4676 | D:5      | Found a transporter.
  4794 | D:5      | Reached skill level 5 in Dodging
  5117 | D:5      | Reached *** piety under Trog
  5226 | D:5      | Reached XP level 8. HP: 64/71 MP: 7/7
  5471 | D:6      | Found Gonuklit's Antique Armour Emporium.
  5598 | D:6      | Killed a steam dragon
  5884 | D:6      | Noticed a hornet
  5893 | D:6      | Killed a hornet
  5911 | D:6      | Bought a glowing buckler for 195 gold pieces
  6040 | D:6      | Found a glowing golden altar of the Shining One.
  6494 | D:6      | Reached XP level 9. HP: 81/81 MP: 8/8
  6646 | D:6      | Reached **** piety under Trog
  7739 | D:7      | Found a broken altar of Ashenzari.
  8105 | D:7      | Found an ancient bone altar of Kikubaaqudgha.
  8435 | D:8      | Found a staircase to the Lair.
  9072 | D:9      | Killed an unseen horror
  9308 | D:9      | Reached XP level 10. HP: 91/91 MP: 9/9
  9321 | D:9      | Found a hazy altar of Hepliaklqana.
  9361 | D:9      | Found an iron altar of Okawaru.
 10067 | D:9      | Reached ***** piety under Trog
 10324 | D:10     | Entered Level 10 of the Dungeon
 10374 | D:10     | Reached skill level 10 in Fighting
 10422 | D:10     | Noticed a two-headed ogre
 10433 | D:10     | Killed a two-headed ogre
 10434 | D:10     | Reached skill level 10 in Axes
 10436 | D:10     | Received a gift from Trog
 10447 | D:10     | Reached skill level 10 in Armour
 10602 | D:10     | Found a flagged portal.
 10613 | Bailey   | Entered a bailey
 10654 | Bailey   | Noticed an orc knight
 10672 | Bailey   | Noticed an orc knight
 10673 | Bailey   | Noticed an orc knight
 10685 | Bailey   | Reached skill level 1 in Maces & Flails
 10689 | Bailey   | Killed an orc knight
 10724 | Bailey   | Noticed an orc knight
 10734 | Bailey   | Killed an orc knight
 10735 | Bailey   | Reached XP level 11. HP: 101/101 MP: 8/10
 10763 | Bailey   | Killed an orc knight
 10784 | Bailey   | an orc knight changed into a water nymph
 12119 | D:11     | Identified the ring "Jepuff" {rC+ Str+2}
 12187 | D:11     | You fall into a shaft and drop 1 floor!
 12775 | D:12     | Noticed a red ugly thing
 12791 | D:12     | Killed a red ugly thing
 12792 | D:12     | Reached skill level 10 in Dodging
 12955 | D:11     | Noticed a deep elf pyromancer
 13326 | D:6      | Bought a runed plate armour for 676 gold pieces
 13814 | D:11     | Found a runed translucent door.
 13817 | D:11     | Noticed a two-headed ogre
 13818 | D:11     | Noticed a two-headed ogre
 13819 | D:11     | Noticed a two-headed ogre
 13855 | D:11     | Noticed a stone giant
 13914 | D:11     | Killed a deep elf pyromancer
 13983 | D:12     | Found a staircase to the Orcish Mines.
 14000 | Orc:1    | Entered Level 1 of the Orcish Mines
 14000 | Orc:1    | Found a burning altar of Makhleb.
 14116 | Orc:1    | Reached skill level 5 in Maces & Flails
 14166 | Orc:1    | Noticed an orc sorcerer
 14168 | Orc:1    | Noticed an orc knight
 14171 | Orc:1    | Noticed an orc knight
 14174 | Orc:1    | Killed an orc sorcerer
 14174 | Orc:1    | Received a gift from Trog
 14188 | Orc:1    | Killed an orc knight
 14195 | Orc:1    | Killed an orc knight
 14754 | Orc:2    | Entered Level 2 of the Orcish Mines
 14875 | Orc:2    | Found a staircase to the Elven Halls.
 15156 | Orc:2    | Found Ocesm's General Store.
 15400 | Orc:2    | Noticed an orc sorcerer
 15400 | Orc:2    | Noticed an orc sorcerer
 15403 | Orc:2    | Noticed an orc warlord
 15413 | Orc:2    | Noticed a sun demon
 15505 | Orc:2    | Noticed an orc sorcerer
 15507 | Orc:2    | Noticed an orc knight
 15952 | Orc:2    | Paralysed by an orc sorcerer for 6 turns
 15964 | Orc:1    | Paralysed by an orc sorcerer for 6 turns
 15972 | Orc:1    | Killed an orc sorcerer
 16504 | Orc:2    | Noticed an orc sorcerer
 16512 | Orc:2    | Killed an orc sorcerer
 16513 | Orc:2    | Reached XP level 12. HP: 112/112 MP: 11/11
 16857 | Orc:2    | Found Pixuga's Antique Weapon Boutique.
 16920 | Orc:2    | Found Ellof's Overcharged Wands.
 17575 | Orc:2    | Found Pax Horgh's Antique Armour Shop.
 17583 | Orc:2    | HP: 1/113 [orc warlord (21)]
 17583 | Orc:2    | Mangled by an orc warrior

Illustrated notes

Levels and vault maps discovered:
D:1:      dpeg_arrival_round_a, layout_loops_corners
D:2:      layout_loops_corners, chequers_serial_rivers_micro_a
D:3:      layout_basic, mainiacjoe_overflow_catwalk,
          ebering_ecumenical_altar_webs, kennysheep_orc_chapel
D:4:      layout_cave_pools, mainiacjoe_overflow_six_doors_small,
          mainiacjoe_overflow_alcove_4, gammafunk_temple_overflow_pools,
          temple_doors_e, nicolae_shop_sticking_my_neck_out
D:5:      gammafunk_wand_slinger, layout_loops_ring,
          mainiacjoe_overflow_24_doors, grunt_dithmenos_smoke, fedhas_altar_1
D:6:      kennysheep_housing_project, layout_loops_cross, tso_oasis_becter,
          chequers_ossuary_entry_cave, serial_shops,
          nicolae_shop_overgrown_old_shop
D:7:      layout_rooms, mainiacjoe_overflow_cross_hatched, ashenzari_altar_1,
          hangedman_decor_growths
D:8:      layout_loops_ring, dpeg_oklobed_lair, hangedman_decor_diamond_cutter
D:9:      layout_irregular_city, okawaru_trees_1, nzn_hepliaklqana_mist_gate,
          water_boxes_lemuel
D:10:     layout_basic, enter_bailey_3
D:11:     layout_cross, lightli_airlock
D:12:     layout_loops_ring, orc_0_dummy
Orc:1:    layout_caves, bloody_makhleb
Orc:2:    grunt_orc_community_town_hall, layout_diamond_mine,
          grunt_orc_community_big_house_2, grunt_orc_community_big_house_2,
          grunt_orc_community_house_1, grunt_orc_community_house_3,
          grunt_orc_community_house_1, grunt_orc_community_house_3,
          grunt_orc_community_house_3, nicolae_shop_overcharged_wands

Skill      XL: |  1  2  3  4  5  6  7  8  9 10 11 12 |
---------------+-------------------------------------+-----
Fighting       | 4 5 6 8 9 10 12 | 12.5
Axes           | 4 5 6 7 9 10 | 10.4
Armour         | 3 4 6 7 9 10 11 12 | 12.2
Dodging        | 3 4 5 6 8 9 10 11 | 11.2
Maces & Flails | 2 6 7 |  7.3

Action                   |  1- 3 |  4- 6 |  7- 9 | 10-12 || total
-------------------------+-------+-------+-------+-------++-------
Melee: Hand axe          |    56 |   109 |   234 |    81 ||   480
       Headbutt          |     9 |    25 |    44 |    93 ||   171
       Morningstar       |       |       |       |   358 ||   358
Throw: Dart              |       |     5 |    42 |       ||    47
Invok: Berserk           |     2 |     4 |    11 |    17 ||    34
       Trog's Hand       |       |       |     1 |     8 ||     9
Evoke: Wand              |       |       |     9 |    54 ||    63
  Use: Scroll            |       |     3 |     4 |     8 ||    15
       Potion            |       |       |     1 |     5 ||     6
Armor: Animal skin       |     6 |       |       |       ||     6
       Ring mail         |     8 |    28 |   126 |    80 ||   242
       Plate armour      |       |       |       |   292 ||   292
Dodge: Dodged            |    34 |    57 |   137 |   265 ||   493
Block: Buckler           |       |       |    34 |   125 ||   159
